cohdb
Replays
Latest Replays
All Replays
Popular Replays
Top Player Replays
Match Explorer
How It Works
Community
CoH3 Stats
Reddit
Sign in to upload your games and track your stats! →
Sign in with Steam
Match 42040694
Unlisted
Match 42040694
Overview
Messages
Build Orders
End
Scout Squad
Scout Squad
Scout Squad
Construct Weapon Support Center
Selects Airborne Battlegroup
Selects Smoke Bombing Run
M1919 Machine Gun Team
Selects Pathfinders
M1919 Machine Gun Team
Bazooka Squad
Infantry Support Center
Selects Paratrooper Squad Paradrop
Selects Supply Drop
Construct Medical Station
Paratrooper Squad Paradrop
Smoke Bombing Run
Paratrooper Squad Paradrop
Captain Retinue
M3 Armored Personnel Carrier
Paratrooper Squad Paradrop
Supply Drop
Munitions Surplus
Selects Carpet Bombing Run
Carpet Bombing Run
Construct Tank Depot
Improved M9 Bazooka Rockets
Smoke Bombing Run
M18 Hellcat Tank Destroyer
Supply Drop
Carpet Bombing Run
Dilando
Nubbl0r
0
0
Comments
sign in to comment!
No comments posted yet!